Map: Ruins of Seras

Players

Senin

  • Race: Zerg Zerg
  • League: Grandmaster

Nerchio - Winner!

  • Race: Zerg Zerg
  • League: Grandmaster

VOD

Have the link to the VOD?

Description

Time

  • Played on: Dec. 14, 2015, 4:06 p.m.
  • Length: 8:13
Show
View Real Time Build Order
Export as new Build Order

Senin Zerg 

Build Orders: Pool First 

Get SALT Encoding   

  12  0:02  Drone  
  13  0:12  Overlord  
  13  0:18  Drone  
  14  0:31  Drone x2  
  14  0:35  Drone  
  17  0:38  Extractor  
  16  0:45  Drone  
  17  0:53  Spawning Pool  
  16  0:59  Drone  
  17  1:07  Drone  
  18  1:18  Drone  
  19  1:29  Hatchery  
  18  1:39  Queen  
  18  1:43  Zergling x2  
  21  1:48  Zergling x2  
  22  1:54  Overlord  
  22  2:01  Metabolic Boost  
  22  2:10  Spine Crawler  
  22  2:13  Drone  
  22  2:22  Queen  
  22  2:26  Drone  
  25  2:30  Drone  
  26  2:37  Drone  
  26  2:41  Drone  
  28  2:48  Queen  
  30  2:52  Drone  
  30  2:58  Spine Crawler  
  30  3:03  Zergling x4  
  32  3:10  Overlord  
  32  3:19  Drone  
  33  3:21  Drone x3  
  36  3:29  Drone x2  
  37  3:38  Drone  
  37  3:39  Drone x4  
  42  3:46  Lair  
  42  3:53  Drone x2  
  44  3:55  Extractor  
  44  3:56  Drone  
  44  3:57  Extractor  
  44  3:58  Extractor  
  44  4:00  Overlord  
  42  4:05  Drone x2  
  42  4:09  Overlord  
  44  4:30  Drone x4  
  44  4:31  Drone  
  49  4:34  Drone x3, Spine Crawler  
  49  4:35  Drone  
  52  4:40  Overlord  
  52  4:41  Overlord  
  52  4:50  Spire  
  51  4:59  Drone x3  
  54  5:01  Zergling x4  
  54  5:05  Zergling x4  
  54  5:06  Zergling x2  
  59  5:12  Overlord  
  59  5:15  Overlord  
  59  5:25  Drone  
  59  5:28  Zergling x8  
  62  5:33  Evolution Chamber  
  62  5:34  Evolution Chamber  
  61  5:36  Drone x2  
  62  6:03  Mutalisk  
  62  6:04  Mutalisk x8  
  62  6:07  Zerg Melee Weapons Level 1  
  80  6:12  Zerg Ground Armor Level 1  
  80  6:16  Zergling x2  
  80  6:17  Zergling x4  
  83  6:20  Overlord  
  83  6:36  Overlord  
  81  6:51  Zergling x2  
  81  6:52  Zergling x16  
  79  6:56  Mutalisk  
  70  7:03  Zergling x2  
  70  7:06  Mutalisk x3  
  69  7:10  Mutalisk  
  69  7:14  Mutalisk  
  72  7:19  Mutalisk  
  71  7:26  Mutalisk  
  73  7:30  Mutalisk  
  73  7:33  Zergling x6  
  75  7:38  Zergling x8  
  75  7:42  Zergling x2  
  78  7:50  Zergling x2  
  73  7:55  Zergling x2  
Show
View Real Time Build Order
Export as new Build Order

Nerchio Zerg - Winner!

Build Orders: Hatch First 

Get SALT Encoding   

  12  0:00  Drone  
  13  0:12  Overlord  
  13  0:17  Drone  
  14  0:30  Drone x2  
  14  0:34  Drone  
  17  0:55  Hatchery  
  17  0:56  Drone  
  17  1:00  Extractor  
  17  1:01  Drone  
  17  1:16  Spawning Pool  
  16  1:19  Drone  
  16  1:23  Drone  
  18  1:28  Drone  
  19  1:38  Overlord  
  19  2:03  Metabolic Boost, Queen, Zergling x4  
  23  2:08  Queen  
  23  2:12  Zergling x2  
  23  2:15  Drone  
  27  2:24  Baneling Nest  
  27  2:28  Drone  
  27  2:31  Drone  
  27  2:34  Drone  
  27  2:36  Drone  
  30  2:41  Drone  
  31  2:46  Drone  
  32  2:52  Zergling x2  
  32  2:56  Overlord  
  33  3:01  Drone  
  33  3:03  Queen  
  36  3:16  Drone x3  
  36  3:17  Drone x2  
  36  3:19  Overlord  
  41  3:21  Drone  
  41  3:24  Baneling x2  
  41  3:26  Drone  
  43  3:30  Drone  
  44  3:39  Drone x3, Extractor  
  46  3:46  Drone  
  46  3:48  Drone x4  
  50  3:49  Drone  
  50  3:53  Overlord  
  51  3:57  Overlord  
  51  4:15  Zergling x2  
  51  4:16  Zergling x6  
  55  4:18  Hatchery  
  54  4:24  Zergling x4  
  54  4:26  Drone x4  
  60  4:31  Extractor  
  60  4:32  Evolution Chamber  
  60  4:33  Drone  
  60  4:35  Lair  
  59  4:41  Queen, Baneling  
  59  4:44  Drone  
  62  4:48  Overlord  
  62  4:50  Drone x2  
  64  4:56  Overlord  
  64  5:03  Zerg Missile Weapons Level 1  
  64  5:05  Roach Warren  
  62  5:14  Drone  
  62  5:15  Drone x6  
  62  5:18  Queen  
  62  5:20  Overlord  
  71  5:34  Nydus Network  
  70  5:36  Queen x2  
  73  5:44  Roach x2  
  73  5:45  Roach x2  
  73  5:46  Roach  
  73  5:48  Roach  
  85  5:50  Roach  
  85  5:55  Roach x2  
  93  5:57  Roach  
  93  5:59  Roach  
  93  6:00  Roach  
  93  6:02  Overlord  
  96  6:04  Overlord  
  96  6:10  Nydus Canal  
  96  6:18  Baneling x3  
  96  6:19  Queen x2  
  96  6:20  Queen  
  102  6:34  Drone x6  
  102  6:35  Drone x3  
  102  6:36  Overlord  
  110  6:41  Roach x2  
  110  6:45  Spore Crawler  
  111  6:47  Roach  
  111  6:49  Roach x2  
  111  6:52  Roach  
  103  6:55  Pneumatized Carapace, Roach  
  103  6:57  Roach  
  103  6:59  Queen  
  101  7:03  Roach  
  101  7:08  Queen  
  98  7:15  Nydus Canal  
  98  7:16  Roach x4  
  98  7:18  Roach  
  98  7:21  Roach  
  108  7:26  Roach, Extractor  
  109  7:34  Queen  
  109  7:37  Nydus Canal  
  109  7:38  Roach x3  
  109  7:40  Overlord x2, Roach  
  119  7:45  Roach  
  119  7:49  Overlord  
Tags
 
Add a new tag
Caveats
  • Supply blocks, unpowered buildings, or Contaminate may cause inaccurate times.
  • Supply counts are checked every 10 seconds.